 Dungeon Crawl Stone Soup version 0.23-a0-512-g50a8178 (webtiles) character file.

1128 qvsushi the Fighter (level 8, -9/74 HPs)
             Began as a Gnoll Wanderer on Dec 4, 2018.
             Mangled by Pikel
             ... wielding a +1 whip of electrocution
              (18 damage)
             ... on level 5 of the Dungeon on Dec 5, 2018.
             The game lasted 00:23:23 (3891 turns).

qvsushi the Fighter (Gnoll Wanderer)                Turns: 3891, Time: 00:23:23

Health: -9/74      AC:  6    Str: 13    XL:     8   Next: 35%
Magic:  12/12      EV: 13    Int: 17    God:
Gold:   253        SH:  0    Dex: 16    Spells: 8/13 levels left

rFire    . . .     SeeInvis .   a - +8 hand crossbow
rCold    + . .     Gourm    .   (no shield)
rNeg     . . .     Faith    .   q - +1 leather armour {rC+}
rPois    .         Spirit   .   (no helmet)
rElec    .         Reflect  .   (no cloak)
rCorr    .         Harm     .   o - +0 pair of gloves
MR       .....                  k - +0 pair of boots
Stlth    ++........             y - amulet of regeneration
HPRegen  0.62/turn              (no ring)
MPRegen  0.13/turn              (no ring)

@: confusing touch
A: distributed training, fangs 1, strong nose
a: no special abilities


You were on level 5 of the Dungeon.
You were not hungry.

You visited 1 branch of the dungeon, and saw 5 of its levels.

You collected 253 gold pieces.

Inventory:

Hand Weapons
 a - a +8 hand crossbow (weapon)
 i - a +0 mace
Missiles
 b - 71 bolts (quivered)
 j - a throwing net
Armour
 k - a +0 pair of boots (worn)
 o - a +0 pair of gloves (worn)
 q - a +1 leather armour of cold resistance (worn)
Jewellery
 p - an uncursed ring of ice
 y - an amulet of regeneration (around neck)
Wands
 z - a wand of scattershot (5)
Scrolls
 e - a scroll of amnesia
 h - 2 scrolls of teleportation
 s - 4 scrolls of remove curse
 x - a scroll of magic mapping {unknown}
 B - a scroll of identify
 D - a scroll of noise {unknown}
 E - a scroll of enchant armour {unknown}
Potions
 c - a potion of curing
 d - a potion of lignification
 g - a potion of brilliance {unknown}
 l - 2 potions of invisibility
 m - 2 potions of flight {unknown}
 n - a potion of berserk rage {unknown}
 r - a potion of might {unknown}
 t - a potion of cancellation {unknown}
 u - 3 potions of heal wounds {unknown}
 v - a potion of haste {unknown}
 w - 2 potions of agility {unknown}
 C - a potion of degeneration {unknown}
Comestibles
 f - 9 rations
 A - 4 chunks of flesh


   Skills:
 + Level 10.8 Fighting
 + Level 3.1 Short Blades
 + Level 3.1 Long Blades
 + Level 3.1 Axes
 + Level 3.1 Maces & Flails
 + Level 3.1 Polearms
 + Level 3.1 Staves
 + Level 3.1 Slings
 + Level 4.1 Bows
 + Level 4.1 Crossbows
 + Level 5.6 Throwing
 + Level 4.1 Armour
 + Level 3.1 Dodging
 + Level 3.1 Stealth
 + Level 3.1 Shields
 + Level 3.1 Unarmed Combat
 + Level 3.1 Spellcasting
 + Level 2.5 Conjurations
 + Level 2.5 Hexes
 + Level 2.5 Charms
 + Level 2.5 Summonings
 + Level 2.5 Necromancy
 + Level 2.5 Translocations
 + Level 2.5 Transmutations
 + Level 2.5 Fire Magic
 + Level 2.5 Ice Magic
 + Level 2.5 Air Magic
 + Level 2.5 Earth Magic
 + Level 2.5 Poison Magic
 + Level 3.4 Invocations
 + Level 3.1 Evocations


You had 8 spell levels left.
You knew the following spells:

 Your Spells              Type           Power        Failure   Level  Hunger
a - Apportation           Tloc           ##....       8%          1    None
b - Confusing Touch       Hex            ##....       8%          1    None
c - Call Imp              Summ           ##......     11%         2    ##.....
d - Summon Small Mammal   Summ           ##..         8%          1    None

Your spell library contained the following spells:

 Spells                   Type           Power        Failure   Level  Hunger
 Animate Skeleton         Necr           N/A          8%          1    None
 Call Canine Familiar     Summ           ##......     22%         3    ###....
 Summon Guardian Golem    Hex/Summ       ##......     22%         3    ###....
 Summon Ice Beast         Ice/Summ       ##......     58%         4    ####...
 Summon Lightning Spire   Summ/Air       ##......     58%         4    ####...


Dungeon Overview and Level Annotations

Branches:
Dungeon (5/15)
 Temple: D:4-7

Altars:
Ashenzari
Cheibriados
Dithmenos
Hepliaklqana
Qazlal
Ru
Zin
The Shining One

Annotations:
D:5 Pikel


Innate Abilities, Weirdness & Mutations

Your experience applies equally to all skills.
You have very sharp teeth.
Your uncanny sense of smell can sniff out nearby items.


Message History

You shoot a bolt. The bolt hits Pikel!
Pikel is heavily wounded.
The slave closely misses you. Pikel barely misses you. The slave hits you.
Pikel hits you with a +1 whip of electrocution!
* * * LOW HITPOINT WARNING * * *
Firing (i - inventory. (/) - cycle)
b - 73 bolts (quivered)
Press: ? - help, Shift-Dir - straight line, f/p - Pikel
Aim: Pikel, wielding a +1 whip of electrocution and wearing a +0 robe (heavily You shoot a bolt.
The bolt hits Pikel!
Pikel is almost dead.
The slave barely misses you. Pikel barely misses you.
Firing (i - inventory. (/) - cycle)
b - 72 bolts (quivered)
Press: ? - help, Shift-Dir - straight line, f/p - Pikel
Aim: Pikel, wielding a +1 whip of electrocution and wearing a +0 robe (almost You shoot a bolt.
The bolt closely misses Pikel.
The slave hits you!
* * * LOW HITPOINT WARNING * * *
Pikel hits you with a +1 whip of electrocution.
* * * LOW HITPOINT WARNING * * *
You are electrocuted!
You die...

##. ##### #.# #.. ....(
#####.# #.# (K.(..
...##.########.###..(p..
...#........##.#(...#
...#..(.....##.#.#
........((.......###
.........<......Kp.#
.))..<.......[..@..#
.))...............##
.................##
........[#####..##
###......####..##
####...........#####
...##...####.......#
##.##......#.#####....
.#...(#.##.#.#######..


You could see Pikel and a slave.

Vanquished Creatures
  Eustachio (D:4)
  Edmund (D:4)
  Duvessa (D:4)
  An ice beast (D:4)
  3 slaves (D:5)
  3 centaurs (D:5)
  Dowan (D:4)
  A gnoll shaman (D:5)
  Ijyb (D:4)
  An iguana (D:4)
  2 worker ants (D:5)
  A howler monkey zombie (D:5)
  Robin (D:4)
  5 gnolls
  8 adders
  3 oozes
  2 adder skeletons
  3 worms
  A leopard gecko (D:1)
  4 orcs (D:3)
  2 ball pythons
  3 bats
  4 giant cockroaches
  9 hobgoblins
  2 jackals (D:1)
  9 frilled lizards
  13 goblins
  8 kobolds
  3 rats
97 creatures vanquished.

Notes
Turn   | Place    | Note
-------+----------+-------------------------------------------
     0 | D:1      | Reached skill level 10 in Fighting
     0 | D:1      | qvsushi the Gnoll Wanderer began the quest for the Orb.
     0 | D:1      | qvsushi set off with the following items: a +2 hand
                  | crossbow, 29 bolts, a potion of curing, a potion of
                  | lignification, a +0 robe, a ration
     0 | D:1      | Reached XP level 1. HP: 28/28 MP: 1/1
    73 | D:1      | Reached XP level 2. HP: 24/36 MP: 2/2
   511 | D:1      | Reached XP level 3. HP: 42/42 MP: 3/3
  1062 | D:2      | Reached skill level 1 in Invocations
  1427 | D:2      | Reached skill level 1 in Short Blades
  1427 | D:2      | Reached skill level 1 in Long Blades
  1427 | D:2      | Reached skill level 1 in Axes
  1427 | D:2      | Reached skill level 1 in Maces & Flails
  1427 | D:2      | Reached skill level 1 in Polearms
  1427 | D:2      | Reached skill level 1 in Staves
  1427 | D:2      | Reached skill level 1 in Slings
  1427 | D:2      | Reached skill level 1 in Dodging
  1427 | D:2      | Reached skill level 1 in Stealth
  1427 | D:2      | Reached skill level 1 in Shields
  1427 | D:2      | Reached skill level 1 in Unarmed Combat
  1427 | D:2      | Reached skill level 1 in Spellcasting
  1427 | D:2      | Reached skill level 1 in Evocations
  1427 | D:2      | Reached XP level 4. HP: 35/48 MP: 5/5
  1520 | D:2      | Found a glowing golden altar of the Shining One.
  1780 | D:2      | Found a stormy altar of Qazlal.
  1780 | D:2      | Found a glowing silver altar of Zin.
  1786 | D:2      | Found a snail-covered altar of Cheibriados.
  1788 | D:2      | Found a shadowy altar of Dithmenos.
  1790 | D:2      | Found a sacrificial altar of Ru.
  1988 | D:3      | Found a glowing silver altar of Zin.
  2173 | D:3      | Reached skill level 1 in Conjurations
  2173 | D:3      | Reached skill level 1 in Hexes
  2173 | D:3      | Reached skill level 1 in Charms
  2173 | D:3      | Reached skill level 1 in Summonings
  2173 | D:3      | Reached skill level 1 in Necromancy
  2173 | D:3      | Reached skill level 1 in Translocations
  2173 | D:3      | Reached skill level 1 in Transmutations
  2173 | D:3      | Reached skill level 1 in Fire Magic
  2173 | D:3      | Reached skill level 1 in Ice Magic
  2173 | D:3      | Reached skill level 1 in Air Magic
  2173 | D:3      | Reached skill level 1 in Earth Magic
  2173 | D:3      | Reached skill level 1 in Poison Magic
  2205 | D:3      | Found a shattered altar of Ashenzari.
  2232 | D:3      | Reached XP level 5. HP: 54/54 MP: 6/6
  2599 | D:4      | Noticed Edmund
  2607 | D:4      | Killed Edmund
  2607 | D:4      | Reached XP level 6. HP: 45/61 MP: 8/8
  2685 | D:4      | Noticed Robin
  2693 | D:4      | Killed Robin
  2761 | D:4      | Noticed Ijyb
  2767 | D:4      | Killed Ijyb
  2813 | D:4      | Noticed Eustachio
  2818 | D:4      | Killed Eustachio
  2818 | D:4      | Reached skill level 5 in Throwing
  2818 | D:4      | Reached XP level 7. HP: 67/67 MP: 8/10
  3071 | D:4      | Noticed Duvessa
  3072 | D:4      | Noticed Dowan
  3076 | D:4      | Killed Duvessa
  3079 | D:4      | Killed Dowan
  3242 | D:5      | Entered Level 5 of the Dungeon
  3430 | D:5      | Reached XP level 8. HP: 74/74 MP: 12/12
  3763 | D:5      | Learned a level 1 spell: Apportation
  3765 | D:5      | Learned a level 1 spell: Confusing Touch
  3768 | D:5      | Learned a level 2 spell: Call Imp
  3770 | D:5      | Learned a level 1 spell: Summon Small Mammal
  3776 | D:5      | Found a hazy altar of Hepliaklqana.
  3875 | D:5      | Noticed Pikel
  3891 | D:5      | Mangled by Pikel

Vault maps used:
D:1:      minmay_arrival_stone_box
D:2:      wad_lake_hut, chequers_temple_overflow_minitemple,
          nicolae_tso_swordbearing_angel
D:3:      evilmike_ruin_ashenzari, lemuel_altar_in_water
D:4:      first_ration, uniq_ijyb, uniq_eustachio, uniq_duvessa, uniq_edmund,
          uniq_robin
D:5:      lemuel_coloured_pillars_altar, uniq_pikel

Skill      XL: |  1  2  3  4  5  6  7  8 |
---------------+-------------------------+-----
Fighting       | | 10.8
Invocations    | 1 2 3 |  3.4
Short Blades   | 1 2 3 |  3.1
Long Blades    | 1 2 3 |  3.1
Axes           | 1 2 3 |  3.1
Maces & Flails | 1 2 3 |  3.1
Polearms       | 1 2 3 |  3.1
Staves         | 1 2 3 |  3.1
Slings         | 1 2 3 |  3.1
Dodging        | 1 2 3 |  3.1
Stealth        | 1 2 3 |  3.1
Shields        | 1 2 3 |  3.1
Unarmed Combat | 1 2 3 |  3.1
Spellcasting   | 1 2 3 |  3.1
Evocations     | 1 2 3 |  3.1
Conjurations   | 1 2 |  2.5
Hexes          | 1 2 |  2.5
Charms         | 1 2 |  2.5
Summonings     | 1 2 |  2.5
Necromancy     | 1 2 |  2.5
Translocations | 1 2 |  2.5
Transmutations | 1 2 |  2.5
Fire Magic     | 1 2 |  2.5
Ice Magic      | 1 2 |  2.5
Air Magic      | 1 2 |  2.5
Earth Magic    | 1 2 |  2.5
Poison Magic   | 1 2 |  2.5
Bows           | 3 4 |  4.1
Crossbows      | 3 4 |  4.1
Armour         | 3 4 |  4.1
Throwing       | 5 |  5.6

Action                   |  1- 3 |  4- 6 |  7- 9 || total
-------------------------+-------+-------+-------++-------
Melee: Hand crossbow     |     2 |       |       ||     2
 Fire: Hand crossbow     |    99 |    86 |    74 ||   259
 Cast: Call Imp          |       |       |     3 ||     3
       Confusing Touch   |       |       |     1 ||     1
  Use: Scroll            |     1 |    12 |       ||    13
  Eat: Chunk             |     1 |     1 |     4 ||     6
       Ration            |       |     1 |       ||     1
Armor: Robe              |     4 |       |       ||     4
       Leather armour    |     6 |    10 |    10 ||    26
Dodge: Dodged            |    35 |    26 |    19 ||    80

Table legend:
 A = Non-vault XP
 B = Vault XP
 C = Vault XP percentage of total XP
 D = Non-vault monster count
 E = Vault monster count
 F = Vault count percentage of total count
                 A         B        C        D         E       F
            +---------+---------+-------+---------+---------+-------
      Total |     937 |     675 |  41.9 |      78 |      16 |  17.0
            +---------+---------+-------+---------+---------+-------
        D:1 |      47 |       0 |   0.0 |      22 |       0 |   0.0
        D:2 |      42 |       0 |   0.0 |      13 |       0 |   0.0
        D:3 |     110 |       0 |   0.0 |      21 |       0 |   0.0
        D:4 |     200 |     675 |  77.1 |       7 |      16 |  69.6
        D:5 |     538 |       0 |   0.0 |      15 |       0 |   0.0
            +---------+---------+-------+---------+---------+-------
